 Dungeon Crawl Stone Soup version 0.18-a0-1577-gf591c28 (webtiles) character file.

86 dvd the Sneak (level 4, -3/18 HPs)
             Began as a Felid Enchanter on Mar 22, 2016.
             Was an Initiate of Dithmenos.
             Killed by divine providence
             ... invoked by an orc priest
              (12 damage)
             ... on level 4 of the Dungeon.
             The game lasted 00:15:51 (3866 turns).

dvd the Sneak (Felid Enchanter)                     Turns: 3866, Time: 00:15:52

Health: -3/18      AC:  1    Str:  4    XL:     4   Next: 26%
Magic:  3/9        EV: 18    Int: 17    God:    Dithmenos [......]
Gold:   165        SH:  0    Dex: 17    Spells: 4 memorised, 0 levels left
                                        Lives:  0   Deaths: 1

rFire  . . .     SeeInvis +       - Unarmed
rCold  . . .     Gourm    .     (armour unavailable)
rNeg   . . .     Faith    .     (shield unavailable)
rPois  .         Spirit   .     (helmet unavailable)
rElec  .         Dismiss  .     (cloak unavailable)
rCorr  .         Reflect  .     (gloves unavailable)
SustAt .         Harm     .     (boots unavailable)
MR     .....                    (no amulet)
Stlth  ++++......               (no ring)
                                (no ring)

@: quick, not resistant to hostile enchantments, stealthy
A: no armour, no weapons or thrown items, claws 1, fangs 3, see invisible,
carnivore 3, speed 1, shaggy fur 1, slow metabolism 1, sharp paws
a: Renounce Religion


You were on level 4 of the Dungeon.
You worshipped Dithmenos.
Dithmenos was noncommittal.
You were not hungry.

You visited 1 branch of the dungeon, and saw 5 of its levels.

You collected 165 gold pieces.

Inventory:

Jewellery
 n - an uncursed ring of protection from cold {unknown}
 q - an uncursed amulet of faith
Wands
 j - a wand of flame (27/48)
 l - a wand of random effects (25/48)
Scrolls
 c - a scroll of remove curse
 d - a scroll of fear
 h - 3 scrolls of fog
 m - a scroll of recharging
Potions
 f - a potion of degeneration {unknown}
 k - 2 potions of magic {unknown}
 r - a potion of flight {unknown}
Books
 a - a book of Maledictions

   Spells                             Type                      Level
   a - Corona                         Hexes                        1
   b - Ensorcelled Hibernation        Hexes/Ice                    2
   c - Confuse                        Hexes                        3
   d - Tukima's Dance                 Hexes                        3
   e - Dazzling Spray                 Conjuration/Hexes            3
Comestibles
 b - a meat ration
 g - a beef jerky


   Skills:
 * Level 0.6 Fighting
 + Level 2.9 Dodging
 + Level 6.1 Stealth
 + Level 1.9 Unarmed Combat
 + Level 2.9 Spellcasting
 + Level 5.3 Hexes
 + Level 0.5 Ice Magic


You couldn't memorise any spells.
You knew the following spells:

 Your Spells              Type           Power        Failure   Level  Hunger
a - Corona                Hex            ###....      1%          1    None
b - Ensorcelled Hibernat  Hex/Ice        ##....       10%         2    ##.....
c - Confuse               Hex            ###.....     8%          3    ###....
d - Tukima's Dance        Hex            ###.....     8%          3    ###....


Dungeon Overview and Level Annotations

Branches:
Dungeon (5/15)
 Temple: D:4-7

Altars:
Dithmenos
Fedhas
Kikubaaqudgha
Qazlal
Vehumet
Xom
Yredelemnul

Annotations:
D:4 Dowan, Duvessa, Edmund, Robin


Innate Abilities, Weirdness & Mutations

You cannot wear armour.
You are incapable of wielding weapons or throwing items.
You have sharp claws.
You have razor-sharp teeth.
You have supernaturally acute eyesight.
You are carnivorous and can eat meat at any time.
You cover ground quickly.
You are covered in fur (AC +1).
You have a slow metabolism.
Your sharp claws are effective at attacking unaware monsters.


Message History

Casting: Ensorcelled Hibernation
Confirm with . or Enter, or press ? or * to list all spells.
Aiming: Ensorcelled Hibernation
Press: ? - help, Shift-Dir - straight line, f - orc priest
Aim: an orc priest, wielding a short sword and wearing a ring mail (chance to defeat MR: 43%)
The orc priest resists with some effort.
The orc shouts!
The orc priest mumbles some strange prayers to Beogh against you.
Beogh smites you!
Ouch! That really hurt!
Casting: Ensorcelled Hibernation
Confirm with . or Enter, or press ? or * to list all spells.
Aiming: Ensorcelled Hibernation
Press: ? - help, Shift-Dir - straight line, f/p - orc priest
Aim: an orc priest, wielding a short sword and wearing a ring mail (chance to defeat MR: 43%)
The orc priest resists with some effort.
The orc priest invokes the aid of Beogh against you.
Beogh smites you!
Ouch! That really hurt!
You die...

.@# ## ... ...
#####.#### ....
#........# #... #
#.#.#.##.# ...###
###.....##.#######.....#
+................o......
###.....##.#####.#...##
# #........# #@# .#
#........# #o#
####.##### #.# #.# #o#
#.# #o# #.# #o# #.# #.#
#.# #.. #.#


You could see an orc priest, an orc wizard and 3 orcs.

Vanquished Creatures
  A crimson imp (D:4)
  Ijyb (D:3)
  4 adders
  An ooze (D:4)
  A worm (D:3)
  5 dart slugs
  An orc (D:4)
  7 giant cockroaches
  6 goblins
  2 hobgoblins (D:1)
  3 jackals (D:1)
  2 quokkas
  6 bats
  5 giant newts
  4 kobolds
  11 rats
60 creatures vanquished.

Vanquished Creatures (collateral kills)
  An orc (D:4)
1 creature vanquished.

Vanquished Creatures (others)
  A kobold (D:3)
1 creature vanquished.

Grand Total: 62 creatures vanquished

Notes
Turn   | Place    | Note
--------------------------------------------------------------
     0 | D:1      | dvd the Felid Enchanter began the quest for the Orb.
     0 | D:1      | Reached XP level 1. HP: 7/7 MP: 4/4
   414 | D:1      | Reached XP level 2. HP: 11/11 MP: 6/6
   465 | D:1      | Learned a level 2 spell: Ensorcelled Hibernation
  1090 | D:1      | Reached XP level 3. HP: 14/14 MP: 4/7
  1610 | D:2      | Found a radiant altar of Vehumet.
  1678 | D:2      | Found a basalt altar of Yredelemnul.
  1686 | D:2      | Reached skill level 5 in Hexes
  1704 | D:2      | Reached skill level 5 in Stealth
  1947 | D:2      | Found an ancient bone altar of Kikubaaqudgha.
  1949 | D:2      | Found a blossoming altar of Fedhas.
  1981 | D:2      | Learned a level 3 spell: Confuse
  2194 | D:2      | Found a shimmering altar of Xom.
  2248 | D:2      | Reached XP level 4. HP: 18/18 MP: 4/8
  2428 | D:3      | Found a shadowy altar of Dithmenos.
  2836 | D:3      | Became a worshipper of Dithmenos the Shadowed
  2966 | D:3      | Noticed Ijyb
  2976 | D:3      | Killed Ijyb
  3071 | D:3      | Noticed an air elemental
  3072 | D:3      | Found a stormy altar of Qazlal.
  3073 | D:3      | Noticed a fire elemental
  3073 | D:3      | Noticed an earth elemental
  3073 | D:3      | Noticed a water elemental
  3097 | D:3      | You fall through a shaft for 2 floors!
  3097 | D:5      | Entered Level 5 of the Dungeon
  3219 | D:4      | Reached XP level 5. HP: 15/21 MP: 4/10
  3303 | D:4      | Learned a level 3 spell: Tukima's Dance
  3362 | D:4      | Reached skill level 6 in Stealth
  3501 | D:4      | Noticed Robin
  3767 | D:4      | Noticed Duvessa
  3767 | D:4      | Noticed Dowan
  3822 | D:4      | Killed from afar by an orc wizard
  3823 | D:4      | Reached XP level 4. HP: -1/18 MP: 2/9
  3849 | D:4      | Noticed Edmund
  3866 | D:4      | Killed from afar by an orc priest

Vault maps used:
D:1:      minmay_arrival_four_loops, hangedman_decor_growths
D:2:      grunt_temple_overflow_growth_and_decay, vehumet_crystals,
          overflow_temple_1_default, xom_butterflies
D:3:      grunt_dithmenos_smoke_and_mirrors, nicolae_qazlal_style_of_elements,
          st_stairs_14, lemuel_flame_loot_1, uniq_iyjb
D:4:      uniq_grinder, uniq_edmund, uniq_robin, uniq_duvessa
D:5:      gammafunk_pakellas_cloud_experiment, first_bread

Skill      XL: |  1  2  3  4  5 |
---------------+----------------+-----
Hexes          | 5 |  5.3
Stealth        | 5 6 |  6.1
Fighting       | |  0.6
Dodging        | |  2.9
Unarmed Combat | |  1.9
Spellcasting   | |  2.9
Ice Magic      | |  0.5

Action                   |  1- 3 |  4- 6 || total
-------------------------+-------+-------++-------
Melee: Unarmed           |    59 |    52 ||   111
 Cast: Corona            |     3 |     3 ||     6
       Ensorcelled Hiber |    26 |    22 ||    48
       Confuse           |     1 |     9 ||    10
       Tukima's Dance    |       |     5 ||     5
  Use: Scroll            |       |     7 ||     7
       Potion            |       |     2 ||     2
 Stab: Sleeping          |    35 |    15 ||    50
       Confused          |     1 |     4 ||     5
  Eat: Chunk             |    11 |     6 ||    17
